 Dungeon Crawl Stone Soup version 0.28-a0-793-g31680bbd8b (webtiles) character file.

Game seed: 4756215766467371687

63 ytrimaz the Skirmisher (level 3, -2/42 (43) HPs)
             Began as a Demonspawn Berserker on Nov 4, 2021.
             Was a Follower of Trog.
             Slain by a gnoll (6 damage)
             ... on level 3 of the Dungeon.
             The game lasted 00:01:24 (2209 turns).

ytrimaz the Skirmisher (Demonspawn Berserker)       Turns: 2209, Time: 00:01:25

HP:   -2/42 (43)    AC:  5    Str: 18    XL:     3   Next: 89%
MP:   3/3           EV: 12    Int:  8    God:    Trog [*.....]
Gold: 63            SH:  0    Dex: 12    Spells: 2/2 levels left

rFire   . . .      SeeInvis .   a - +1 hand axe
rCold   . . .      Faith    .   (no shield)
rNeg    . . .      Spirit   .   b - +0 animal skin
rPois   .          Reflect  .   (helmet restricted)
rElec   .          Harm     .   (no cloak)
rCorr   .          Rampage  .   h - +2 pair of gloves
Will    .....                   (no boots)
Stlth   ..........              (no amulet)
HPRegen 0.14/turn               (no ring)
MPRegen 0.08/turn               (no ring)

@: berserking, lightly drained, very quick
A: horns 1
a: Renounce Religion, Berserk


You were on level 3 of the Dungeon.
You worshipped Trog.
Trog was aware of your devotion.
You visited 1 branch of the dungeon, and saw 3 of its levels.

You collected 63 gold pieces.

Inventory:

Hand Weapons
 a - a +1 hand axe (weapon)
Armour
 b - a +0 animal skin (worn)
 h - a +2 pair of gloves (worn)
Potions
 c - 3 potions of might {unknown}
 g - a potion of flight {unknown}
 i - a potion of ambrosia {unknown}
 j - a potion of degeneration {unknown}
 k - a potion of haste {unknown}


   Skills:
 + Level 3.5 Fighting
 + Level 3.4 Axes
 * Level 2.2 Armour
 * Level 2.3 Dodging


You had 2 spell levels left.
You didn't know any spells.
Your spell library was empty.

Dungeon Overview and Level Annotations

Branches:
Dungeon (3/15)

Altars:


Innate Abilities, Weirdness & Mutations

You have a pair of small horns on your head.


Message History

You start waiting.
Done waiting.
There is a stone staircase leading down here.
You climb downwards.
There is a stone staircase leading up here. 3 gnolls come into view.
The gnoll shouts! x2
The gnoll moves out of view.
There are monsters nearby!
The gnoll shouts!
The gnoll hits you from afar with a +0 spear.
The gnoll throws a throwing net.
The throwing net closely misses you.
You see here a throwing net.
The gnoll hits you with a +0 spear. x2
The gnoll hits you from afar with a +0 spear.
You barely miss the gnoll. You completely miss the gnoll.
The gnoll hits you but does no damage. The gnoll hits you with a +0 spear!
The gnoll hits you but does no damage.
You are too injured to fight recklessly!
You are too injured to fight recklessly!
You are too injured to fight recklessly!
Unknown command.
A red film seems to cover your vision as you go berserk!
You feel yourself moving faster!
You feel mighty! The gnoll barely misses you. x2
The gnoll hits you from afar with a +0 spear.
* * * LOW HITPOINT WARNING * * *
You closely miss the gnoll. Your headbutt misses the gnoll.
You barely miss the gnoll. The gnoll hits you with a +0 spear.
* * * LOW HITPOINT WARNING * * *
The gnoll hits you but does no damage.
You slash the gnoll! You headbutt the gnoll.
You kill the gnoll!
Trog accepts your kill.
You slash the gnoll!
You kill the gnoll!
Trog accepts your kill.
The gnoll hits you from afar with a +0 spear.
* * * LOW HITPOINT WARNING * * *
The gnoll hits you with a +0 spear.
You die...

.. ... .. ...
#.##.# #..#.#
..#.# #.#.###
#.#.(.#
#...#.######.#
#.#.#)@g.....#
#.#<#.########
#######


You could see a gnoll.

Vanquished Creatures
  2 gnolls (D:3)
  An adder (D:2)
  2 ball pythons
  2 endoplasms (D:1)
  6 hobgoblins
  4 jackals (D:1)
  2 bats (D:2)
  A frilled lizard (D:2)
  4 goblins
  6 kobolds
  2 rats (D:2)
  A spectral kobold (D:1)
33 creatures vanquished.

Notes
Turn   | Place    | Note
-------+----------+-------------------------------------------
     0 | D:1      | ytrimaz the Demonspawn Berserker began the quest for the
                  | Orb.
     0 | D:1      | Reached XP level 1. HP: 18/18 MP: 1/1
   352 | D:1      | Gained mutation: You have a pair of small horns on your
                  | head. [demonic ancestry]
   352 | D:1      | Reached XP level 2. HP: 23/24 MP: 2/2
   458 | D:1      | Found a faded altar of an unknown god.
   664 | D:1      | You fall into a shaft and drop 1 floor!
   963 | D:2      | Reached XP level 3. HP: 26/29 MP: 3/3
  2209 | D:3      | Slain by a gnoll

Illustrated notes

Levels and vault maps discovered:
D:1:      onia_arrival_mini_spirals, layout_basic,
          dreamdust_ecumenical_altar_drowned_temple, minmay_misc_feat_iff,
          kennysheep_nondescript
D:2:      layout_loops_cross
D:3:      layout_basic, gammafunk_ghost_mausoleum

Skill      XL: |  1  2 |
---------------+-------+-----
Armour         | 2 |  2.2
Axes           | 3 |  3.4
Dodging        | 2 |  2.3
Fighting       | |  3.5

Action                   || total
-------------------------++-------
Melee: Hand axe          ||    92
       Headbutt          ||     8
Invok: Berserk           ||     2
  Use: Scroll            ||     4
Armor: Animal skin       ||    35
Dodge: Dodged            ||    60

Table legend: (Time is in decaauts)
 A = Elapsed time spent in this place.
 B = Non-inter-level travel time spent in this place.
 C = Inter-level travel time spent in this place.
 D = Time resting spent in this place.
 E = Time spent auto-exploring this place.
 F = Levels seen in this place.
 G = Mean time per level.
                   A        B        C        D        E       F      G
               +--------+--------+--------+--------+--------+-----+--------+
         Total |   2234 |   2148 |     86 |    227 |   1618 |   3 |  744.7 |
       Dungeon |   2234 |   2148 |     86 |    227 |   1618 |   3 |  744.7 |
               +--------+--------+--------+--------+--------+-----+--------+

Top non-repeatable levels by time:
     D:2: 1173 daAuts
     D:1: 1050 daAuts
     D:3: 10 daAuts
